 Dungeon Crawl Stone Soup version 0.27-a0-1123-g2f9bb313c0 (webtiles) character file.

Game seed: 15220243158809535160

5804 sizableburger the Skirmisher (level 10, -2/80 HPs)
             Began as a Mummy Hunter on May 4, 2021.
             Was an Elder of Okawaru.
             Slain by a komodo dragon (18 damage)
             ... on level 1 of the Lair of Beasts.
             The game lasted 00:27:45 (13875 turns).

sizableburger the Skirmisher (Mummy Hunter)        Turns: 13875, Time: 00:27:46

Health: -2/80      AC:  6    Str: 19    XL:     10   Next: 50%
Magic:  3/16       EV: 13    Int: 10    God:    Okawaru [****..]
Gold:   492        SH:  0    Dex: 19    Spells: 10/17 levels left

rFire    x . .     SeeInvis .   c - +1 flail (drain)
rCold    + . .     Faith    .   (no shield)
rNeg     + + +     Spirit   .   b - +1 leather armour
rPois    ∞         Reflect  .   (no helmet)
rElec    .         Harm     .   (no cloak)
rCorr    .         Rampage  .   g - +1 pair of gloves
Will     ++...                  (no boots)
Stlth    +++.......             (no amulet)
HPRegen  0.23/turn              h - ring of wizardry
MPRegen  0.15/turn              i - ring of Panig {rN+ Will+ Dex+6 Stlth+}

@: sluggish, very slightly contaminated, very slow
A: cold resistance 1, negative energy resistance 3, torment resistance 2,
unbreathing 1, heat vulnerability 1, no potions
a: Renounce Religion, Heroism


You were on level 1 of the Lair of Beasts.
You worshipped Okawaru.
Okawaru was greatly pleased with you.
You visited 2 branches of the dungeon, and saw 10 of its levels.

You collected 492 gold pieces.

Inventory:

Hand Weapons
 a - a +0 short sword
 c - a +1 flail of draining (weapon)
 f - a +0 dagger
 m - a +1 trident
Missiles
 d - 4 throwing nets
 l - 82 poisoned darts (quivered)
 o - 5 boomerangs
 p - 3 curare-tipped darts
 v - 8 javelins
Armour
 b - a +1 leather armour (worn)
 g - a +1 pair of gloves (worn)
 n - a +0 kite shield
Jewellery
 h - a ring of wizardry (left hand)
 i - the ring of Panig (right hand) {rN+ Will+ Dex+6 Stlth+}
   (You acquired it on level 5 of the Dungeon)

   [ring of dexterity]

   It affects your dexterity (+6).
   It protects you from negative energy.
   It increases your willpower.
   It makes you more stealthy.
 j - a ring of flight
 r - a ring of positive energy
 w - a ring of magical power
 z - a ring of protection from cold
Wands
 s - a wand of flame (32)
 y - a wand of iceblast (9)
Scrolls
 e - 4 scrolls of identify
 k - 3 scrolls of torment
 q - a scroll of teleportation
 t - a scroll of holy word
 u - 3 scrolls of amnesia
 x - a scroll of enchant armour


   Skills:
 + Level 7.9 Fighting
 - Level 1.0 Short Blades
 + Level 6.0 Maces & Flails
 - Level 1.5 Polearms
 + Level 6.3 Throwing
 - Level 0.5 Armour
 - Level 3.3 Dodging
 - Level 0.7 Stealth
 - Level 4.0 Spellcasting
 + Level 6.5 Air Magic


You had 10 spell levels left.
You knew the following spells:

 Your Spells              Type           Power      Damage    Failure   Level
a - Swiftness             Air            15%        N/A       2%          3
b - Airstrike             Air            7%         N/A       9%          4

Your spell library contained the following spells:

 Spells                   Type           Power      Damage    Failure   Level
 Shock                    Conj/Air       32%        1d5       3%          1
 Static Discharge         Conj/Air       8%         N/A       4%          2
 Corona                   Hex            2%         N/A       12%         1
 Slow                     Hex            2%         N/A       17%         2
 Confusing Touch          Hex            2%         N/A       32%         3
 Gell's Gravitas          Tloc           1%         N/A       32%         3
 Inner Flame              Hex/Fire       2%         N/A       32%         3
 Portal Projectile        Hex/Tloc       4%         N/A       32%         3
 Lightning Bolt           Conj/Air       4%         1d15      61%         5
 Cause Fear               Hex            1%         N/A       71%         4
 Leda's Liquefaction      Hex/Erth       1%         N/A       71%         4
 Petrify                  Tmut/Erth      2%         N/A       71%         4
 Metabolic Englaciation   Hex/Ice        1%         N/A       96%         5
 Summon Forest            Summ/Tloc      1%         N/A       96%         5
 Summon Mana Viper        Hex/Summ       2%         N/A       96%         5
 Yara's Violent Unravell  Hex/Tmut       1%         3d3       96%         5
 Shadow Creatures         Summ           N/A        N/A       100%        6
 Summon Hydra             Summ           1%         N/A       100%        7


Dungeon Overview and Level Annotations

Branches:
Dungeon (9/15)             Temple (0/1) D:7            Lair (1/6) D:8
    Orc: D:9-12

Altars:
Ashenzari
Elyvilon
Fedhas
Hepliaklqana
Makhleb
Nemelex Xobeh
Okawaru
Ru
Sif Muna
Trog
Uskayaw
Zin

Shops:
D:4 (   D:7 ?   D:8 !

Annotations:
D:5 3 runed translucent doors, bisexualwizard's ghost, novice GrGl


Innate Abilities, Weirdness & Mutations

You are immune to poison.
Your flesh is cold resistant. (rC+)
You are immune to negative energy. (rN+++)
You are immune to unholy pain and torment.
You can survive without breathing.
You are vulnerable to heat. (rF-)
You do not drink.


Message History

Aim: a komodo dragon (lightly wounded)
The air twists around and strikes the komodo dragon!
The komodo dragon is heavily wounded.
Unknown command.
Casting: Airstrike (dangerous; 9% risk of failure)
Confirm with . or Enter, or press ? or * to list all spells.
Aiming: Airstrike (dangerous; 9% risk of failure)
Press: ? - help, Dir - move target, f/p - komodo dragon
Aim: a komodo dragon (heavily wounded)
You miscast Airstrike.
You are very lightly contaminated with residual magic.
Nothing appears to happen.
Unknown command.
Throw: 84 darts (poison)
Press: ? - help, Q - select action, (/) - cycle Shift-Dir - straight line, f/p - komodo dragon
Aim: a komodo dragon (heavily wounded, 73% to hit)
You throw a poisoned dart.
The poisoned dart hits the komodo dragon.
The komodo dragon is poisoned.
The komodo dragon is heavily wounded.
Throw: 83 darts (poison)
Press: ? - help, Q - select action, (/) - cycle Shift-Dir - straight line, f/p - komodo dragon
Aim: a komodo dragon (heavily wounded, poisoned, 73% to hit)
You throw a poisoned dart.
The poisoned dart hits the komodo dragon.
The komodo dragon looks even sicker.
The komodo dragon is heavily wounded.
The komodo dragon bites you!
You barely miss the komodo dragon.
The komodo dragon is heavily wounded.
You feel sluggish. The komodo dragon bites you!!
You barely miss the komodo dragon.
The komodo dragon is heavily wounded.
The komodo dragon bites you!!
* * * LOW HITPOINT WARNING * * *
You sock the komodo dragon! You drain the komodo dragon.
The komodo dragon is severely wounded.
The komodo dragon bites you!!
You die...

#P.# #..##.# ..
##.###P...... ..
#........# #.
#.......## #.
#.......# #.
#.......# #.
#.......## ##.
#.......P#######..
#@l(..............
#.......##.#.####.
#.......###### #.
##.......# #.
#........# #.
#........# ..
##.......# #.
#.......## #.
#.......P########.


You could see a komodo dragon (very poisoned, drained).

Vanquished Creatures
  An ugly thing (D:8)
  A cane toad (Lair:1)
  A komodo dragon (Lair:1)
  A wyvern (D:7)
  6 yaks (Lair:1)
  A steam dragon (D:6)
  3 wargs (D:8)
  2 water moccasins
  A sky beast (D:7)
  An orc warrior (D:8)
  A black bear (D:6)
  An ice beast (D:7)
  4 necrophages
  2 wolves (D:5)
  2 centaurs
  5 bullfrogs
  A kobold brigand (D:5)
  2 gnoll sergeants (D:5)
  3 scorpions
  A bullfrog zombie (D:5)
  11 hounds
  A jelly (D:7)
  A bullfrog skeleton (D:6)
  8 orc priests
  3 gnoll shamans (D:5)
  Ijyb (D:5)
  3 iguanas (D:6)
  4 orc wizards
  A scorpion zombie (D:5)
  A killer bee zombie (D:8)
  A hound skeleton (D:4)
  25 gnolls
  A howler monkey skeleton (D:7)
  9 adders
  A white imp (D:5)
  An ufetubus (D:6)
  2 worms (D:5)
  29 orcs
  5 endoplasms
  7 goblins
  6 hobgoblins
  7 jackals
  3 quokkas
  5 ball pythons
  4 bats
  2 frilled lizards
  22 kobolds
  6 rats
  A butterfly (D:7)
211 creatures vanquished.

Vanquished Creatures (others)
  3 fungi (Lair:1)
  61 plants
64 creatures vanquished.

Grand Total: 275 creatures vanquished

Notes
Turn   | Place    | Note
-------+----------+-------------------------------------------
     0 | D:1      | sizableburger the Mummy Hunter began the quest for the Orb.
     0 | D:1      | Reached XP level 1. HP: 16/16 MP: 1/1
   638 | D:1      | Reached XP level 2. HP: 15/22 MP: 2/2
  1291 | D:2      | Found a faded altar of an unknown god.
  1330 | D:2      | Reached skill level 1 in Short Blades
  1900 | D:2      | Reached XP level 3. HP: 28/28 MP: 3/3
  2603 | D:3      | Reached skill level 3 in Fighting
  2603 | D:3      | Reached skill level 1 in Polearms
  2603 | D:3      | Reached XP level 4. HP: 32/35 MP: 4/4
  3088 | D:3      | Reached XP level 5. HP: 32/41 MP: 5/5
  3452 | D:3      | Learned a level 3 spell: Swiftness
  3506 | D:3      | Found a hide-covered altar of Uskayaw.
  3886 | D:3      | Found a large runed translucent door.
  3887 | D:3      | Found a large runed translucent door.
  3916 | D:3      | Found an iron altar of Okawaru.
  3949 | D:3      | Became a worshipper of Warmaster Okawaru
  4120 | D:4      | Reached skill level 1 in Maces & Flails
  4137 | D:4      | Reached skill level 1 in Air Magic
  4137 | D:4      | Reached XP level 6. HP: 48/48 MP: 6/6
  4159 | D:4      | Reached skill level 4 in Fighting
  4370 | D:4      | Found a sparkling altar of Nemelex Xobeh.
  4566 | D:4      | Found Harioras's Antique Weapon Boutique.
  4630 | D:4      | Found a shimmering blue altar of Sif Muna.
  4791 | D:5      | Entered Level 5 of the Dungeon
  4828 | D:4      | Reached XP level 7. HP: 13/55 MP: 4/7
  5293 | D:5      | Reached * piety under Okawaru
  5394 | D:5      | Reached skill level 5 in Fighting
  5550 | D:5      | Found a sacrificial altar of Ru.
  6236 | D:5      | Reached XP level 8. HP: 17/64 MP: 8/8
  6423 | D:5      | Identified the +4 scale mail "Feyna" {Fly rPois rN+ Dex-5}
  6694 | D:5      | Reached ** piety under Okawaru
  6698 | D:5      | Reached skill level 6 in Fighting
  6913 | D:5      | Noticed Ijyb
  6930 | D:5      | Killed Ijyb
  7001 | D:5      | Found a broken altar of Ashenzari.
  7120 | D:5      | Identified a scroll of acquirement
  7122 | D:5      | Acquired the ring of Panig {rN+ Will+ Dex+6 Stlth+}
  7154 | D:5      | Noticed a moth of wrath
  7158 | D:5      | Found a bloodstained altar of Trog.
  7181 | D:5      | Found a runed translucent gate.
  7181 | D:5      | Found a runed translucent gate.
  7181 | D:5      | Found a runed translucent gate.
  7182 | D:5      | Noticed bisexualwizard's ghost (novice GrGl)
  7245 | D:5      | Reached skill level 1 in Spellcasting
  8266 | D:6      | Found a hazy altar of Hepliaklqana.
  8295 | D:6      | Learned a level 4 spell: Airstrike
  8720 | D:7      | Reached XP level 9. HP: 67/69 MP: 13/13
  9102 | D:7      | Reached skill level 5 in Air Magic
  9303 | D:7      | Found a staircase to the Ecumenical Temple.
  9414 | D:7      | Found Kiudoe's Magic Scroll Shop.
  9796 | D:8      | Reached *** piety under Okawaru
  9904 | D:8      | Reached skill level 5 in Throwing
 10262 | D:8      | Found a staircase to the Lair.
 10730 | D:8      | Found a blossoming altar of Fedhas.
 10735 | D:8      | Found Iruil Xypt's Distillery.
 10873 | D:8      | Reached skill level 5 in Maces & Flails
 11192 | D:8      | Noticed a purple ugly thing
 11214 | D:8      | Killed a purple ugly thing
 11215 | D:8      | Reached skill level 7 in Fighting
 11215 | D:8      | Reached XP level 10. HP: 42/79 MP: 4/16
 11656 | Lair:1   | Entered Level 1 of the Lair of Beasts
 11908 | Lair:1   | Reached **** piety under Okawaru
 12746 | D:6      | Found a burning altar of Makhleb.
 13632 | Lair:1   | Noticed a cane toad
 13638 | Lair:1   | Killed a cane toad
 13638 | Lair:1   | Received a gift from Okawaru
 13835 | Lair:1   | Noticed a seven-headed hydra
 13875 | Lair:1   | Slain by a komodo dragon

Illustrated notes

Levels and vault maps discovered:
D:1:      scummos_arrival_checkerplants, layout_basic
D:2:      layout_loops_ring, shapermc_ecumenical_altar_totnotflames
D:3:      layout_basic, nicolae_uskayaw_dance_hall, jmf_multi_god_temple2,
          minmay_randomly_rotated_circles
D:4:      layout_cave_pools, zin_treasury, lemuel_coloured_pillars_altar,
          nemelex_spade_bored_becter, serial_shops, shop
D:5:      kennysheep_kobold_camp, layout_cave_pools, evilmike_ruin_ashenzari,
          tgw_trog, old_standard_altar, gammafunk_ghost_nasty_kobolds,
          serial_gnoll_camp, gnoll_camp_mini_house, gnoll_camp_huts_basic,
          gnoll_camp_mini_house, gnoll_camp_mini_doghouse, uniq_ijyb
D:6:      layout_loops_corners, overflow_temple_1_default,
          overflow_temple_1_default, minmay_starry_boxes
D:7:      layout_loops_ring, minmay_temple_entry_butterflies, serial_shops, shop
D:8:      layout_loops_ring, amcnicky_altar_gilded, erik_lair_orcish_takeover,
          serial_shops, shop, minmay_misc_feat_four_crosses
D:9:      layout_layer_cave, nicolae_dithmenos_through_a_glass_darkly,
          old_standard_altar
Lair:1:   layout_small_grid, lemuel_fruit_tree

Skill      XL: |  1  2  3  4  5  6  7  8  9 10 |
---------------+-------------------------------+-----
Short Blades   | 1 |  1.0
Fighting       | 3 4 5 6 7 |  7.9
Polearms       | 1 |  1.5
Throwing       | 4 5 6 |  6.3
Maces & Flails | 1 2 3 4 5 6 |  6.0
Air Magic      | 1 2 3 4 5 6 |  6.5
Spellcasting   | 3 4 |  4.0
Dodging        | 2 3 |  3.3
Armour         | |  0.5
Stealth        | |  0.7

Action                   |  1- 3 |  4- 6 |  7- 9 | 10-12 || total
-------------------------+-------+-------+-------+-------++-------
Melee: Dagger            |    84 |     2 |       |       ||    86
       Short sword       |     4 |       |       |       ||     4
       Trident           |    12 |     9 |       |       ||    21
       Flail             |       |    97 |   371 |   101 ||   569
       Punch             |       |       |     1 |       ||     1
Throw: Javelin           |    23 |    20 |    21 |     6 ||    70
       Throwing net      |     1 |     2 |     2 |       ||     5
       Dart              |       |       |    35 |     5 ||    40
       Boomerang         |       |       |    10 |     3 ||    13
 Cast: Swiftness         |       |     1 |     5 |     3 ||     9
       Airstrike         |       |       |    11 |     7 ||    18
Invok: Heroism           |       |       |     6 |     2 ||     8
  Use: Scroll            |       |    10 |     3 |     1 ||    14
 Stab: Sleeping          |     1 |       |     4 |       ||     5
       Distracted        |       |       |     2 |     1 ||     3
Armor: Leather armour    |    27 |    46 |   124 |    25 ||   222
Dodge: Dodged            |    68 |    76 |   284 |    89 ||   517

Table legend: (Time is in decaauts)
 A = Elapsed time spent in this place.
 B = Non-inter-level travel time spent in this place.
 C = Inter-level travel time spent in this place.
 D = Time resting spent in this place.
 E = Time spent auto-exploring this place.
 F = Levels seen in this place.
 G = Mean time per level.
                   A        B        C        D        E       F      G
               +--------+--------+--------+--------+--------+-----+--------+
         Total |  13975 |  13583 |    392 |   4767 |   6603 |  10 | 1397.5 |
       Dungeon |  13402 |  13011 |    391 |   4460 |   6508 |   9 | 1489.1 |
          Lair |    573 |    572 |      1 |    307 |     95 |   1 |  573.0 |
               +--------+--------+--------+--------+--------+-----+--------+

Top non-repeatable levels by time:
     D:5: 2709 daAuts
     D:8: 1938 daAuts
     D:7: 1912 daAuts
     D:6: 1584 daAuts
     D:3: 1490 daAuts
     D:2: 1372 daAuts
     D:1: 1280 daAuts
     D:4: 1106 daAuts
  Lair:1: 573 daAuts
     D:9: 8 daAuts
